 Dungeon Crawl Stone Soup version 0.30.1-3-gfc49f6343a (webtiles) character file.

Game seed: 4363862497553199370

1600 Fecro the Covert (level 8, -3/39 HPs)
             Began as a Spriggan Brigand on July 21, 2023.
             Shot with an arrow by a centaur (8 damage)
             ... on level 6 of the Dungeon on July 26, 2023.
             The game lasted 00:27:14 (5385 turns).

Fecro the Covert (Spriggan Brigand)                 Turns: 5385, Time: 00:27:15

Health: -3/39      AC:  3    Str:  7    XL:     8   Next: 62%
Magic:  15/15      EV: 19    Int: 13    God:
Gold:   498        SH:  0    Dex: 18    Spells: 11/15 levels left

rFire   + + .        s - +0 sling
rCold   . . .        (no shield)
rNeg    . . .        b - +0 robe
rPois   .            (helmet restricted)
rElec   .            c - +0 cloak
rCorr   .            (gloves unavailable)
SInv    +            (boots unavailable)
Will    +....        (no amulet)
Stlth   +++++        f - ring of protection from fire
HPRegen 0.26/turn    e - ring of protection from fire
MPRegen 0.14/turn

%: no passive effects
@: very quick
A: very small, no large weapons, unfitting armour, see invisible, speed 3
a: no special abilities


You were on level 6 of the Dungeon.
You visited 1 branch of the dungeon, and saw 6 of its levels.
You also visited: Ossuary.

You collected 498 gold pieces.

Inventory:

Hand Weapons
 a - a +3 dagger of protection
 s - a +0 sling (weapon)
Missiles
 d - 12 poisoned darts
 r - 2 throwing nets
Armour
 b - a +0 robe (worn)
 c - a +0 cloak (worn)
Jewellery
 e - a ring of protection from fire (right hand)
 f - a ring of protection from fire (left hand)
Scrolls
 g - 3 scrolls of brand weapon
 o - 2 scrolls of poison
 t - a scroll of magic mapping
 u - a scroll of teleportation
 x - 3 scrolls of fog
 y - a scroll of enchant armour
 z - a scroll of fear {unknown}
 B - a scroll of noise {unknown}
Potions
 h - 6 potions of might
 i - 2 potions of attraction
 j - a potion of flight {unknown}
 k - 2 potions of cancellation {unknown}
 l - 3 potions of brilliance {unknown}
 m - 3 potions of lignification {unknown}
 n - 5 potions of curing
 p - 2 potions of invisibility {unknown}
 q - a potion of berserk rage
 A - a potion of mutation {unknown}
 C - a potion of degeneration {unknown}


   Skills:
 + Level 2.3 Fighting
 + Level 4.3 Short Blades
 + Level 2.6 Ranged Weapons
 * Level 4.8 Throwing
 * Level 4.1 Dodging
 + Level 11.3 Stealth
 * Level 4.0 Spellcasting
 * Level 4.7 Translocations


You had 11 spell levels left.
You knew the following spells:

 Your Spells              Type           Power      Damage    Failure   Level
a - Blink                 Tloc           28%        N/A       4%          2
b - Lesser Beckoning      Tloc           28%        N/A       4%          2

Your spell library contained the following spells:

 Spells                   Type           Power      Damage    Failure   Level
 Momentum Strike          Conj/Tloc      16%        3d8       12%         2
 Cause Fear               Hex            1%         N/A       90%         4
 Dragon Form              Tmut           1%         N/A       100%        7
 Borgnjor's Revivificati  Necr           1%         N/A       100%        8
 Necromutation            Tmut/Necr      1%         N/A       100%        8
 Death's Door             Necr           1%         N/A       100%        9
 Dragon's Call            Summ           1%         N/A       100%        9


Dungeon Overview and Level Annotations

Branches:
Dungeon (6/15)            Ossuary (visited)
 Temple: D:4-7

Altars:
Nemelex Xobeh
Zin

Shops:
D:1 :   D:2 :


Innate Abilities, Weirdness & Mutations

You are very small and have problems with some larger weapons.
You are too small for most types of armour.
You have supernaturally acute eyesight. (SInv)
You cover ground extremely quickly. (Speed+++)


Message History

The centaur shouts!
You throw a poisoned dart. The poisoned dart hits the centaur.
The centaur looks even sicker.
The centaur wields a +0 shortbow.
The centaur shoots an arrow.
The arrow closely misses you.
You throw a poisoned dart.
The poisoned dart barely misses the centaur.
The centaur shoots an arrow.
The arrow closely misses you.
You throw a poisoned dart. The poisoned dart hits the centaur!
The centaur looks as sick as possible!
The centaur shoots an arrow.
The arrow misses you.
Your +3 dagger of protection goes still.
s - a +0 sling (weapon)
The centaur shoots an arrow.
The arrow hits you!
You shoot a sling bullet. The sling bullet hits the centaur.
The centaur is moderately wounded.
The centaur shoots an arrow.
The arrow completely misses you.
You shoot a sling bullet. The sling bullet hits the centaur.
The centaur is severely wounded.
The centaur shoots an arrow.
The arrow hits you.
The centaur shoots an arrow.
The arrow hits you!
You are too injured to fight recklessly!
You are too injured to fight recklessly!
Unknown command.
You are too injured to fight recklessly!
Fire: s) +0 sling
Press: ? - help, Q - select action, (/) - cycle Shift-Dir - straight line, f/p - centaur
Aim: a centaur, wielding a +0 shortbow (severely wounded, very poisoned, 71% to hit)
You shoot a sling bullet.
The sling bullet hits the centaur but does no damage.
The centaur is severely wounded.
The centaur shoots an arrow.
The arrow hits you!
* * * LOW HITPOINT WARNING * * *
Fire: s) +0 sling
Press: ? - help, Q - select action, (/) - cycle Shift-Dir - straight line, f/p - centaur
Aim: a centaur, wielding a +0 shortbow (almost dead, very poisoned, 71% to hit)
You shoot a sling bullet.
The sling bullet hits the centaur but does no damage.
The centaur is almost dead.
The centaur shoots an arrow.
The arrow hits you!
You die...

.....# .....#
.....# ....#
.###+###....###
..............(
#...).$...c(. #..
#@# #..##.## ...
#......# ...
+......# ..
#......# #.
###...##
#####.####...#####
..................
..................


You could see a centaur (very poisoned).

Vanquished Creatures
  Grinder (D:3)
  Sigmund (D:4)
  An ogre (D:5)
  5 scorpions
  2 jellies
  4 hounds
  3 orc priests
  A gnoll bouda (D:5)
  Terence (D:2)
  An iguana (D:3)
  2 sleepcaps
  Natasha (D:2)
  4 orc wizards
  8 mummies (Ossuary)
  3 gnolls (D:2)
  8 adders
  A white imp (D:6)
  2 ufetubi
  3 worms
  2 dart slugs
  13 orcs
  6 ball pythons
  10 endoplasms
  4 giant cockroaches
  7 goblins
  12 hobgoblins
  7 jackals
  3 quokkas
  5 bats
  8 frilled lizards
  A gnoll zombie (Ossuary)
  A hobgoblin zombie (Ossuary)
  9 kobolds
  2 kobold zombies (Ossuary)
  4 orc zombies (Ossuary)
  3 rats (D:2)
149 creatures vanquished.

Notes
Turn   | Place    | Note
-------+----------+-------------------------------------------
     0 | D:1      | Fecro the Spriggan Brigand began the quest for the Orb.
     0 | D:1      | Reached XP level 1. HP: 10/10 MP: 2/2
    29 | D:1      | Reached skill level 6 in Stealth
   160 | D:1      | Reached XP level 2. HP: 13/14 MP: 3/3
   441 | D:1      | Found Ituptol's Book Boutique.
   522 | D:1      | Reached skill level 7 in Stealth
   921 | D:2      | Reached XP level 3. HP: 17/18 MP: 4/4
  1128 | D:2      | Reached XP level 4. HP: 22/22 MP: 5/5
  1143 | D:2      | Found Oteesa's Book Shoppe.
  1332 | D:2      | Reached skill level 8 in Stealth
  1362 | D:2      | Reached skill level 1 in Spellcasting
  1362 | D:2      | Reached skill level 1 in Translocations
  1362 | D:2      | Reached XP level 5. HP: 25/26 MP: 7/7
  1491 | D:2      | Found a faded altar of an unknown god.
  1497 | D:2      | Identified the +9 plate armour of Metug {Rampage rC- rCorr
                  | Int+5}
  1571 | D:2      | Noticed Terence
  1583 | D:2      | Killed Terence
  1842 | D:3      | Noticed Natasha
  1874 | D:2      | Killed Natasha
  1926 | D:3      | Noticed Grinder
  1933 | D:3      | Killed Grinder
  1934 | D:3      | Reached skill level 9 in Stealth
  1934 | D:3      | Reached XP level 6. HP: 30/30 MP: 7/9
  1941 | D:3      | Learned a level 2 spell: Blink
  1944 | D:3      | Learned a level 2 spell: Lesser Beckoning
  2163 | D:3      | Found a glowing silver altar of Zin.
  2640 | D:4      | Identified the +2 pair of boots "Plog" {rN+}
  2658 | D:4      | Noticed Sigmund
  2772 | D:4      | Reached XP level 7. HP: 22/34 MP: 11/11
  2965 | D:4      | Killed Sigmund
  2966 | D:4      | Reached skill level 10 in Stealth
  3228 | D:4      | Found a sparkling altar of Nemelex Xobeh.
  3599 | D:5      | Entered Level 5 of the Dungeon
  4049 | D:5      | Reached XP level 8. HP: 39/39 MP: 13/13
  4308 | D:5      | Found a sand-covered staircase.
  4315 | Ossuary  | Entered an ossuary
  4362 | Ossuary  | Reached skill level 1 in Ranged Weapons
  4459 | Ossuary  | Reached skill level 11 in Stealth
  5385 | D:6      | Shot with an arrow by a centaur

Illustrated notes

Levels and vault maps discovered:
D:1:      sevenhm_arrival_forest_fort_large_4, layout_rooms, serial_shops, shop,
          hangedman_decor_lopped
D:2:      layout_basic, serial_shops, nicolae_shop_waterfront,
          shapermc_ecumenical_altar_notcrosses, nrook_loot_triangle,
          uniq_terence
D:3:      layout_rooms, zin_treasury, serial_corexii_hall,
          corexii_hall_statues_l, corexii_hall_statues_i, uniq_grinder,
          uniq_natasha
D:4:      layout_cave_pools, serial_glass, glass_columns_a, glass_columns_a,
          glass_columns_a, due_unseen_surprise, minmay_ruined_shrine,
          uniq_sigmund
D:5:      layout_rooms, enter_ossuary_1, minmay_increasing_density
D:6:      layout_gridville, nicolae_overflow_crystal_walls, serial_glass,
          glass_columns_c, glass_columns_c, st_stairs_10, uniq_eustachio

Skill      XL: |  1  2  3  4  5  6  7  8 |
---------------+-------------------------+-----
Stealth        | 6 7 8 9 10 11 | 11.3
Dodging        | 2 3 4 |  4.1
Short Blades   | 3 4 |  4.3
Spellcasting   | 1 2 3 4 |  4.0
Translocations | 1 2 3 4 |  4.7
Throwing       | 3 4 |  4.8
Fighting       | 2 |  2.3
Ranged Weapons | 2 |  2.6

Action                     |  1- 3 |  4- 6 |  7- 9 || total
---------------------------+-------+-------+-------++-------
  Melee: Dagger            |    78 |   120 |   303 ||   501
         Punch             |       |     2 |     4 ||     6
   Fire: Sling             |       |       |   113 ||   113
  Throw: Dart              |    14 |    20 |    27 ||    61
         Boomerang         |       |       |     3 ||     3
    Use: Potion            |     3 |       |       ||     3
         Scroll            |     5 |     4 |     5 ||    14
   Stab: Sleeping          |     6 |    14 |    10 ||    30
 Armour: Robe              |    21 |    17 |    43 ||    81
  Dodge: Dodged            |    41 |    90 |   212 ||   343
